 Dungeon Crawl Stone Soup version 0.31-a0-150-g89dc3ad700 (webtiles) character file.

Game seed: 14846999809939270705

65 qw the Shooter (level 4, -2/28 HPs)
             Began as a Gargoyle Hunter on June 8, 2023.
             Killed from afar by an orc wizard (9 damage)
             ... with a magic dart
             ... on level 3 of the Dungeon.
             The game lasted 00:00:41 (1494 turns).

qw the Shooter (Gargoyle Hunter)                    Turns: 1494, Time: 00:00:42

Health: -2/28      AC:  9    Str: 15    XL:     4   Next: 14%
Magic:  4/4        EV: 11    Int:  9    God:
Gold:   78         SH:  5    Dex: 15    Spells: 3/3 levels left

rFire   x . .        Y - +0 shortbow
rCold   . . .        (shield currently unavailable)
rNeg    + . .        b - +0 ring mail
rPois   inf          (no helmet)
rElec   +            (no cloak)
rCorr   .            (no gloves)
SInv    +            e - +0 pair of boots
Will    +....        a - amulet of Zuepaaph {Reflect Rampage rF- Will+ SH+5}
Stlth   +            d - ring of see invisible
HPRegen 0.24/turn    (no ring)
MPRegen 0.09/turn

%: reflection, rampage
@: no status effects
A: sickness immunity, AC +3, negative energy resistance 1, electricity
resistance, torment resistance 1, petrification resistance
a: no special abilities


You were on level 3 of the Dungeon.
You visited 1 branch of the dungeon, and saw 3 of its levels.

You collected 78 gold pieces.


Innate Abilities, Weirdness & Mutations

You are immune to sickness and miasma.
Your stone body is resilient. (AC +3)
You are immune to poison.
You resist negative energy. (rN+)
You are resistant to electric shocks. (rElec)
You are resistant to unholy torment.
You are immune to petrification.


   Skills:
 - Level 3.0 Fighting
 - Level 5.1 Ranged Weapons
 + Level 0.5 Armour
 - Level 1.5 Dodging
 - Level 1.1 Stealth


You had 3 spell levels left.
You didn't know any spells.
Your spell library was empty.

Inventory:

Hand Weapons
 Y - a +0 shortbow (weapon)
Armour
 b - a +0 ring mail (worn)
 e - a +0 pair of boots (worn)
Jewellery
 a - the amulet of Zuepaaph (around neck) {Reflect Rampage rF- Will+ SH+5}
   (You acquired it on level 1 of the Dungeon)

   [amulet of reflection]

   It reflects blocked missile attacks.
   rF:        It makes you vulnerable to fire.
   SH:        It affects your SH (+5).
   Rampage:   It bestows one free step when moving towards enemies.
   Will:      It increases your willpower.
 d - a ring of see invisible (left hand)
Potions
 f - a potion of magic {unknown}
 j - a potion of degeneration {unknown}

Dungeon Overview and Level Annotations

Branches:
Dungeon (3/15)

Altars:
Fedhas

Annotations:
D:2 1 runed translucent door, Crazy Yiuf


Message History

You shoot an arrow.
The arrow closely misses the orc wizard.
You shoot an arrow.
The arrow hits the orc wizard but does no damage.
The orc wizard is lightly wounded.
You shoot an arrow. The arrow hits the orc priest.
The orc priest is moderately wounded.
The orc priest invokes the aid of Beogh against you.
Beogh smites you!
The orc priest miscasts a cantrip.
You shoot an arrow. The arrow hits the orc priest.
The orc priest is severely wounded.
The orc priest hits you but does no damage.
The orc wizard gestures wildly while chanting.
The orc wizard flickers and vanishes for a moment.
You shoot an arrow. The arrow barely misses the orc priest.
The arrow closely misses the orc wizard.
You block the orc priest's attack.
You shoot an arrow. The arrow hits the orc priest.
The orc priest is almost dead.
The orc priest calls down the wrath of Beogh upon you.
Beogh smites you!
You shoot an arrow. The arrow barely misses the orc priest.
The arrow hits the orc wizard.
The orc wizard is heavily wounded.
The orc priest hits you but does no damage.
You shoot an arrow. The arrow closely misses the orc.
The arrow hits the orc wizard!
The orc wizard is almost dead.
The orc hits you but does no damage.
You shoot an arrow. The arrow hits the orc.
The orc is heavily wounded.
You block the orc's attack.
You shoot an arrow. The arrow hits the orc!
You kill the orc!
You shoot an arrow. The arrow hits the orc priest.
You kill the orc priest!
The orc wizard gestures at you while chanting.
The magic dart hits you!
You die...

#.# #.....##.###.# #.#
#.....#.## ##.
##.###...%...# #.
##...##(....#.## ##.
#..........)...###.#
#.##....###.###.#...##
#...........# #.##.###
#.###.#.##### #...<...
#@#.# #..#.### #o#.#
#..#.# # ..... ....#.#
.....# ####...#
....... ### .........
'.........+
##.........#


You could see an orc wizard (invisible).

Vanquished Creatures
  An orc priest (D:3)
  2 worms
  3 dart slugs
  An orc (D:3)
  4 bats
  3 endoplasms
  2 giant cockroaches
  8 goblins
  4 hobgoblins
  4 jackals (D:1)
  5 kobolds
  A quokka (D:1)
  3 ball pythons
  6 frilled lizards
  2 rats (D:1)
49 creatures vanquished.

Notes
Turn   | Place    | Note
-------+----------+-------------------------------------------
     0 | D:1      | qw the Gargoyle Hunter began the quest for the Orb.
     0 | D:1      | Reached XP level 1. HP: 12/12 MP: 1/1
     0 | D:1      | 0 ||| qw: Version: 0.2-a-119-g7aa9181
     0 | D:1      | 0 ||| qw: Game counter: 2872
     0 | D:1      | 0 ||| qw: Always use a shield: true
     0 | D:1      | 0 ||| qw: God list: Okawaru
     0 | D:1      | 0 ||| qw: Allow faded altars: false
     0 | D:1      | 0 ||| qw: Do Orc after D:15 true
     0 | D:1      | 0 ||| qw: Do second Lair branch before Depths: true
     0 | D:1      | 0 ||| qw: Lair rune preference: random
     0 | D:1      | 0 ||| qw: Plans: Normal
     0 | D:1      | 0 ||| PLANNING D:1-11
   148 | D:1      | Reached XP level 2. HP: 16/17 MP: 2/2
   315 | D:1      | Reached XP level 3. HP: 21/21 MP: 3/3
   393 | D:1      | Reached skill level 5 in Ranged Weapons
   607 | D:1      | 607 ||| Stepping ~*~*~tactically~*~*~ (outnumbered).
   794 | D:1      | 794 ||| UPGRADING to ring of see invisible.
   795 | D:1      | 795 ||| READING scroll labelled CAANAI SOIKUIJ.
   796 | D:1      | 796 ||| READING 2 scrolls labelled KEYFUEG ESATU.
   797 | D:1      | 797 ||| READING 3 scrolls labelled MEMIPA ZYHICH.
   798 | D:1      | 798 ||| READING scroll labelled NAJUN IRAM.
   798 | D:1      | Identified a scroll of acquirement
   798 | D:1      | 798 ||| ACQUIRING amulet of Zuepaaph {Reflect Rampage rF-
                  | Will+ SH+5}
   798 | D:1      | Acquired the amulet of Zuepaaph {Reflect Rampage rF- Will+
                  | SH+5}
   800 | D:1      | 800 ||| UPGRADING to amulet of Zuepaaph {Reflect Rampage
                  | rF- Will+ SH+5}.
   805 | D:1      | 805 ||| READING scroll labelled CUACSEAWAI.
   806 | D:1      | 806 ||| READING scroll labelled ISICWIL FAPP.
   807 | D:1      | 807 ||| DRINKING 2 fizzy grey potions.
   847 | D:1      | 847 ||| DROPPING scroll of butterflies.
   848 | D:1      | 848 ||| DROPPING scroll of fear.
   849 | D:1      | 849 ||| DROPPING potion of lignification.
   850 | D:1      | 850 ||| DROPPING 2 scrolls of noise.
   930 | D:2      | Reached skill level 3 in Fighting
  1001 | D:2      | Found a blossoming altar of Fedhas.
  1107 | D:2      | Reached XP level 4. HP: 28/28 MP: 4/4
  1340 | D:2      | Found a runed translucent door.
  1341 | D:2      | Noticed Crazy Yiuf
  1344 | D:2      | 1344 ||| UPGRADING to +0 ring mail.
  1354 | D:2      | 1354 ||| DROPPING +0 leather armour.
  1355 | D:2      | 1355 ||| UPGRADING to +0 pair of boots.
  1360 | D:2      | 1360 ||| READING scroll labelled JUXTUP IZAX.
  1489 | D:3      | HP: 5/28 [orc priest/divine providence (12)]
  1494 | D:3      | Killed from afar by an orc wizard

Levels and vault maps discovered:
D:1:      minmay_arrival_three_doors, layout_loops_ring,
          minmay_misc_feat_more_columns, minmay_tromino_i2
D:2:      layout_rooms, basic_altar, uniq_crazy_yiuf_cottage
D:3:      layout_loops_corners, nicolae_ru_path_of_blood,
          nicolae_uskayaw_suspiria, serial_shops, shop, shop,
          nicolae_shop_real_fake_doors

Skill      XL: |  1  2  3 |
---------------+----------+-----
Ranged Weapons | 5 |  5.1
Fighting       | 3 |  3.0
Armour         | |  0.5
Dodging        | |  1.5
Stealth        | |  1.1

Action                     |  1- 3 |  4- 6 || total
---------------------------+-------+-------++-------
   Fire: Shortbow          |   132 |    30 ||   162
    Use: Scroll            |     6 |     1 ||     7
         Potion            |     1 |       ||     1
 Armour: Leather armour    |    17 |       ||    17
         Ring mail         |       |     3 ||     3
  Dodge: Dodged            |    24 |     1 ||    25
  Block: Other             |     1 |     3 ||     4

Table legend:
 A = Non-vault XP
 B = Vault XP
 C = Vault XP percentage of total XP
 D = Non-vault monster count
 E = Vault monster count
 F = Vault count percentage of total count
                 A         B        C        D         E       F
            +---------+---------+-------+---------+---------+-------
      Total |     133 |       2 |   1.5 |      48 |       1 |   2.0
            +---------+---------+-------+---------+---------+-------
        D:1 |      56 |       2 |   3.4 |      31 |       1 |   3.1
        D:2 |      28 |       0 |   0.0 |      14 |       0 |   0.0
        D:3 |      49 |       0 |   0.0 |       3 |       0 |   0.0
            +---------+---------+-------+---------+---------+-------
